 Dungeon Crawl Stone Soup version 0.28.0 (webtiles) character file.

Game seed: 12302687323112228517

659 porpoise the Chopper (level 7, 0/59 HPs)
             Began as a Palentonga Abyssal Knight on Feb 13, 2022.
             Was a Priest of Lugonu.
             Slain by Ijyb (1 damage)
             ... on level 5 of the Dungeon.
             The game lasted 00:14:34 (5219 turns).

porpoise the Chopper (Palentonga Abyssal Knight)    Turns: 5219, Time: 00:14:35

Health: 0/59       AC: 20    Str: 18    XL:     7   Next: 30%
Magic:  10/10      EV:  7    Int: 10    God:    Lugonu [***...]
Gold:   158        SH:  0    Dex: 11    Spells: 6/6 levels left

rFire   . . .      SeeInvis +   a - +1 war axe
rCold   . . .      Faith    .   (no shield)
rNeg    . . .      Spirit   .   n - +3 leather armour
rPois   .          Reflect  .   A - +0 helmet
rElec   .          Harm     .   (no cloak)
rCorr   .          Rampage  .   (no gloves)
Will    +....                   k - +0 barding
Stlth   +.........              (no amulet)
HPRegen 0.19/turn               y - ring of willpower
MPRegen 0.12/turn               (no ring)

@: lethally poisoned (0 -> -16), curled up
A: large, rugged brown scales 3, see invisible, deformed body, roll 1, armoured
tail, reflexive curl
a: Rolling Charge, Renounce Religion, Depart the Abyss, Bend Space, Banish


You were on level 5 of the Dungeon.
You worshipped Lugonu.
Lugonu was most pleased with you.
You visited 1 branch of the dungeon, and saw 5 of its levels.
You visited the Abyss 1 time.

You collected 158 gold pieces.

Inventory:

Hand Weapons
 a - a +1 war axe (weapon)
 i - a +2 hand axe
Missiles
 c - 13 poisoned darts (quivered)
 g - 43 arrows
 m - 32 bolts
 t - 93 stones
 B - 14 sling bullets
Armour
 b - a +0 leather armour
 e - a +0 chain mail
 k - a +0 barding (worn)
 n - a +3 leather armour (worn)
 A - a +0 helmet (worn)
Jewellery
 q - a ring of ice
 y - a ring of willpower (left hand)
Wands
 h - a wand of paralysis (6)
 s - a wand of digging (10)
Scrolls
 j - a scroll of noise {unknown}
 v - a scroll of blinking {unknown}
 x - a scroll of holy word {unknown}
 z - a scroll of enchant armour {unknown}
Potions
 d - a potion of cancellation
 l - a potion of brilliance
 o - a potion of flight
 w - a potion of berserk rage {unknown}


   Skills:
 + Level 5.1 Fighting
 * Level 6.2 Axes
 - Level 1.5 Armour
 - Level 0.7 Dodging
 - Level 4.0 Invocations


You had 6 spell levels left.
You didn't know any spells.
Your spell library contained the following spells:

 Spells                   Type           Power      Damage    Failure   Level
 Apportation              Tloc           0%         N/A       41%         1
 Foxfire                  Conj/Fire      0%         2x1d4     41%         1
 Magic Dart               Conj           0%         1d3       41%         1
 Call Imp                 Summ           0%         N/A       56%         2
 Mephitic Cloud           Conj/Pois/Air  0%         N/A       80%         3
 Alistair's Intoxication  Tmut/Pois      0%         N/A       100%        5


Dungeon Overview and Level Annotations

Branches:
Dungeon (5/15)             Temple (0/1) D:5

Altars:
Cheibriados
Makhleb
Nemelex Xobeh
Sif Muna
Trog
Uskayaw
Vehumet
Xom

Shops:
D:4 *

Annotations:
D:4 exclusion: statue
D:5 Ijyb


Innate Abilities, Weirdness & Mutations

You are completely covered in rugged brown scales. (AC +3, +7% HP)
You have supernaturally acute eyesight. (SInv)
Armour fits poorly on your strangely shaped body.
You can roll at nearby foes to attack.
You have a long armoured tail.
You curl defensively after being hit. (AC +7*)


Message History

Ijyb is severely wounded.
You feel sick.
Ijyb zaps a wand.
The puff of flame hits you!
You barely miss Ijyb.
Ijyb is severely wounded.
You feel sick.
Ijyb zaps a wand.
The puff of flame hits you.
You hit Ijyb but do no damage. You tail-slap Ijyb.
Ijyb is severely wounded.
You feel sick. Ijyb hits you but does no damage.
You are more poisoned.
Ijyb hits you with a +2 dagger of venom.
You are more poisoned.
You hit Ijyb but do no damage.
Ijyb is severely wounded.
You feel very sick. Ijyb hits you but does no damage.
You are lethally poisoned!
You feel better.
Ijyb zaps a wand.
The puff of flame hits you!
* * * LOW HITPOINT WARNING * * *
You barely miss Ijyb. You tail-slap Ijyb, but do no damage.
Ijyb is severely wounded.
You hear the slow hiss of an avalanche of sand.
Ijyb hits you but does no damage.
You are poisoned.
Okay, then.
You barely miss Ijyb.
Your tail-slap misses Ijyb.
Ijyb is severely wounded.
You feel very sick.
Ijyb zaps a wand.
The puff of flame misses you.
You closely miss Ijyb.
Ijyb is severely wounded.
You feel sick.
Ijyb hits you with a +2 dagger of venom.
* * * LOW HITPOINT WARNING * * *
You are lethally poisoned!
You closely miss Ijyb.
Ijyb is severely wounded.
* * * LOW HITPOINT WARNING * * *
You feel very sick.
Ijyb hits you with a +2 dagger of venom.
You die...

,,*,,,,*,,**,*,*
,,*,,,,,,**,,#.#*
,**,,,,,**∩,,+..*
,**,,,,,,**,,#..*
,,,,,,,*,,**,#..###
,,,,,,,*,,.**#....#
,,,,,,,*,...*#....#
,,,,,,,*,....#..g.#
***,,,,*,.......@.#
,,******,.....+...#
,,,,,,,,,...,,#...#
,,,,,,,,,.,,,,#..$#
,,,,,,,,,,,,,,#...#
,,,,,,,,,,,,,,#...#
,,,,,,,,,,,,,,#...#
,,,,,,,,,,,,,,#...#
,,,,,,,*,,,,,,#...#


You could see Ijyb.

Vanquished Creatures
  Menkaure (D:4)
  An ogre (D:4)
  A bullfrog zombie (D:3)
  2 orc priests (D:4)
  A hound (D:4)
  A gnoll shaman (D:5)
  Terence (D:3)
  An iguana (D:4)
  2 orc wizards (D:4)
  8 gnolls
  5 adders
  A shadow imp (D:5)
  A white imp (D:3)
  A worm (D:3)
  5 orcs (D:4)
  4 ball pythons
  9 endoplasms
  4 giant cockroaches
  6 goblins
  10 hobgoblins
  3 jackals (D:4)
  A kobold (D:4)
  A quokka (D:1)
  3 bats
  4 frilled lizards
  2 rats (D:1)
79 creatures vanquished.

Notes
Turn   | Place    | Note
-------+----------+-------------------------------------------
     0 | Abyss:1  | porpoise the Palentonga Abyssal Knight began the quest for
                  | the Orb.
     0 | Abyss:1  | Reached XP level 1. HP: 19/19 MP: 2/2
     3 | D:1      | Escaped the Abyss
   288 | D:1      | Reached XP level 2. HP: 24/25 MP: 3/3
   618 | D:1      | Found a faded altar of an unknown god.
   862 | D:2      | Reached skill level 3 in Axes
   872 | D:2      | Reached XP level 3. HP: 28/31 MP: 4/4
   877 | D:2      | Reached ** piety under Lugonu
  1767 | D:3      | Found a sparkling altar of Nemelex Xobeh.
  1956 | D:3      | Found a snail-covered altar of Cheibriados.
  2016 | D:3      | Reached XP level 4. HP: 32/39 MP: 5/5
  2073 | D:3      | Found a shimmering altar of Xom.
  2180 | D:3      | Found a hide-covered altar of Uskayaw.
  2259 | D:3      | Found a bloodstained altar of Trog.
  2275 | D:3      | Found a shimmering blue altar of Sif Muna.
  2279 | D:3      | Got Sif Muna's Collected Works on Ignition
  2519 | D:3      | Noticed Terence
  2523 | D:3      | Reached skill level 4 in Axes
  2542 | D:3      | Killed Terence
  2543 | D:3      | Reached XP level 5. HP: 11/44 MP: 7/7
  2969 | D:4      | Noticed Menkaure
  2977 | D:4      | Killed Menkaure
  2978 | D:4      | Reached XP level 6. HP: 10/51 MP: 8/8
  3394 | D:4      | Found a radiant altar of Vehumet.
  3400 | D:4      | Reached skill level 5 in Axes
  3435 | D:4      | HP: 2/52 [orc priest (1)]
  4002 | D:4      | Found Fextof's General Store.
  4328 | D:4      | Found a burning altar of Makhleb.
  4535 | D:4      | Gained mutation: You curl defensively after being hit. (AC
                  | +7*) [Palentonga growth]
  4535 | D:4      | Reached XP level 7. HP: 52/58 MP: 10/10
  5027 | D:4      | Reached skill level 6 in Axes
  5056 | D:5      | Entered Level 5 of the Dungeon
  5175 | D:5      | Reached skill level 5 in Fighting
  5176 | D:5      | Reached *** piety under Lugonu
  5202 | D:5      | Noticed Ijyb
  5219 | D:5      | HP: 1/59 [poisoned by Ijyb]
  5219 | D:5      | Slain by Ijyb

Illustrated notes

Levels and vault maps discovered:
D:1:      elethiomel_arrival_shortcut, layout_loops_ring,
          hellmonk_ecumenical_altar_leap_of_faith
D:2:      layout_rooms
D:3:      layout_basic, nzn_overflow_gifts_of_might_and_magic,
          mainiacjoe_overflow_boulevard, overflow_temple_1_default,
          mainiacjoe_overflow_catwalk, nemelex_spade_bored_becter,
          amcnicky_mini_pool_small, uniq_terence
D:4:      layout_layer_cave, mainiacjoe_overflow_small_starburst,
          vehumet_statue, serial_shops,
          nicolae_shop_competitors_out_of_business, uniq_menkaure
D:5:      layout_gridville, minmay_temple_entry_junction_2,
          gup_ossuary_entry_pyramid, uniq_ijyb

Skill      XL: |  1  2  3  4  5  6  7 |
---------------+----------------------+-----
Axes           | 3 4 5 6 |  6.2
Fighting       | 4 5 |  5.1
Invocations    | 3 4 |  4.0
Armour         | |  1.5
Dodging        | |  0.7

Action                   |  1- 3 |  4- 6 |  7- 9 || total
-------------------------+-------+-------+-------++-------
Melee: Hand axe          |    99 |    92 |    24 ||   215
       Tailslap          |     7 |    18 |     8 ||    33
       Punch             |       |     1 |     1 ||     2
       War axe           |       |       |    34 ||    34
Throw: Dart              |     2 |     9 |       ||    11
 Abil: Rolling Charge    |    19 |    20 |     7 ||    46
  Use: Scroll            |       |     4 |     5 ||     9
       Potion            |       |     2 |     2 ||     4
Armor: Chain mail        |    13 |       |       ||    13
       Leather armour    |    26 |    28 |    40 ||    94
Dodge: Dodged            |    33 |    26 |    32 ||    91
